 Dungeon Crawl Stone Soup version 0.31-a0-221-gbddc013574 (webtiles) character file.

Game seed: 941010752350961202

88126 qw the Severer (level 15, -13/98 HPs)
             Began as a Gargoyle Fighter on July 3, 2023.
             Was an Elder of Okawaru.
             Mangled by a thrashing horror (17 damage)
             ... on level 3 of the Abyss.
             The game lasted 00:11:52 (20713 turns).

qw the Severer (Gargoyle Fighter)                  Turns: 20713, Time: 00:11:52

Health: -13/98     AC: 35    Str: 23    XL:     15   Next: 92%
Magic:  22/22      EV: 13    Int: 10    God:    Okawaru [****..]
Gold:   1143       SH: 13    Dex: 15    Spells: 14/14 levels left

rFire   + . .        Y - +2 war axe (flame)
rCold   + + .        u - +0 kite shield
rNeg    + . .        F - +1 plate armour {rPois}
rPois   inf          B - +0 helmet
rElec   +            p - +0 cloak
rCorr   .            s - +0 pair of gloves of Courage {Str+2}
SInv    +            g - +1 pair of boots
Will    +....        x - amulet "Vitopt" {Faith rPois rF+ Str-2} Stlth
                     E - ring "Kahil" {rC++ Str-3 Dex+6 Slay+3 SInv}
HPRegen 0.36/turn    r - +5 ring of evasion
MPRegen 0.18/turn

%: faith
@: about to teleport, flying
A: sickness immunity, AC +11, big wings, negative energy resistance 1,
electricity resistance, torment resistance 1, petrification resistance,
deterioration 1, (teleportitis 1)
a: Renounce Religion, Heroism, Finesse


You were on level 3 of the Abyss.
You worshipped Okawaru.
Okawaru was greatly pleased with you.
You visited 3 branches of the dungeon, and saw 20 of its levels.
You visited the Abyss 1 time.
You also visited: Sewer.

You collected 1580 gold pieces.
You spent 437 gold pieces at shops.


Innate Abilities, Weirdness & Mutations

You are immune to sickness and miasma.
Your stone body is resilient. (AC +11)
You are immune to poison.
Your large and strong wings let you fly.
You resist negative energy. (rN+)
You are resistant to electric shocks. (rElec)
You are resistant to unholy torment.
You are immune to petrification.
Your body sometimes deteriorates upon taking damage.
((You are occasionally teleported next to monsters.))


   Skills:
 - Level 13.0 Fighting
 - Level 16.0 Axes
 - Level 1.9 Throwing
 + Level 12.6 Armour
 - Level 4.0 Dodging
 - Level 13.0 Shields
 - Level 10.0 Invocations


You had 14 spell levels left.
You didn't know any spells.
Your spell library was empty.

Inventory:

Hand Weapons
 f - a +0 broad axe of distortion
 Y - a +2 war axe of flaming (weapon)
Armour
 g - a +1 pair of boots (worn)
 h - the +0 pair of gloves of Okawaru, Hammering {rC+ rN++ Will+ Slay-5}
   (Okawaru gifted it to you on level 5 of the Lair of Beasts)

   Slay:      It affects your accuracy & damage with ranged weapons and melee
   (-5).
   rC:        It protects you from cold.
   rN:        It greatly protects you from negative energy.
   Will:      It increases your willpower.
 p - a +0 cloak (worn)
 s - the +0 pair of gloves of Courage (worn) {Str+2}
   (You acquired it on level 6 of the Dungeon)

   Str:       It affects your strength (+2).
 u - a +0 kite shield (worn)
 y - +0 acid dragon scales
 B - a +0 helmet (worn)
 F - a +1 plate armour of poison resistance (worn)
Jewellery
 r - a +5 ring of evasion (right hand)
 x - the amulet "Vitopt" (around neck) {Faith rPois rF+ Str-2}
   (You acquired it on level 11 of the Dungeon)

   [amulet of faith]

   It allows you to gain divine favour quickly.
   Str:       It affects your strength (-2).
   rF:        It protects you from fire.
   rPois:     It protects you from poison.
 z - a ring of fire
 A - a ring of protection from fire
 C - the ring "Fexized" {rCorr MP-9 Str+2 Int+2}
   (You found it on level 5 of the Lair of Beasts)

   [ring of resist corrosion]

   Str:       It affects your strength (+2).
   Int:       It affects your intelligence (+2).
   MP:        It affects your magic capacity (-9).
   rCorr:     It protects you from acid and corrosion.
 D - an amulet of guardian spirit
 E - the ring "Kahil" (left hand) {rC++ Str-3 Dex+6 Slay+3 SInv}
   (You found it on level 5 of the Lair of Beasts)

   [ring of dexterity]

   Str:       It affects your strength (-3).
   Dex:       It affects your dexterity (+6).
   Slay:      It affects your accuracy & damage with ranged weapons and melee
   (+3).
   rC:        It greatly protects you from cold.
   SInv:      It lets you see invisible.
 G - a +6 ring of strength
Wands
 v - a wand of digging (9)
Scrolls
 m - 13 scrolls of identify
 q - 4 scrolls of teleportation
Potions
 a - 2 potions of mutation
 b - 2 potions of enlightenment
 d - 6 potions of might
 e - 8 potions of haste
 i - 2 potions of cancellation
 k - 4 potions of lignification
 l - 2 potions of attraction
 o - 5 potions of curing

Dungeon Overview and Level Annotations

Branches:
Dungeon (14/15)            Temple (1/1) D:6            Lair (5/5) D:11
 Shoals (0/4) Lair:3       Spider (0/4) Lair:2        Slime (0/5) Lair:4
    Orc (0/2) D:9          Vaults (0/5) D:13          Sewer (visited)

Altars:
Ashenzari
Cheibriados
Dithmenos
Elyvilon
Fedhas
Gozag
Hepliaklqana
Kikubaaqudgha
Makhleb
Nemelex Xobeh
Okawaru
Qazlal
Ru
Sif Muna
Trog
Uskayaw
Vehumet
Wu Jian
Xom
Yredelemnul
Zin
The Shining One
Jiyva

Shops:
D:3 (   D:5 !!=*   D:8 =   D:9 [(:[

Annotations:
D:14 Louise


Message History

Okawaru accepts your kill.
The blizzard demon waves its arms in wide circles.
The air twists around and strikes you. The thrashing horror tramples you.
You are shoved backwards!
You closely miss the thrashing horror.
The thrashing horror is severely damaged.
The thrashing horror tramples you but does no damage.
You block the thrashing horror's attack.
The thrashing horror closely misses you.
The thrashing horror tramples you.
You hold your ground!
20710 ||| READING 5 scrolls of teleportation.
As you read the scroll of teleportation, it crumbles to dust.
You feel strangely unstable.
You feel the power of the Abyss delaying your translocation!
The thrashing horror closely misses you.
The thrashing horror tramples you!
You hold your ground!
The thrashing horror closely misses you. x2
You barely miss the thrashing horror.
The thrashing horror is severely damaged.
You hit the thrashing horror. The thrashing horror tramples you!
You hold your ground!
You block the thrashing horror's attack.
The thrashing horror misses you.
You block the thrashing horror's attack.
You hit the thrashing horror.
The thrashing horror is severely damaged.
You hit the blizzard demon. You burn the blizzard demon.
The thrashing horror tramples you but does no damage.
You block the thrashing horror's attack.
The thrashing horror closely misses you. x2
The blizzard demon hits you but does no damage.
You block the blizzard demon's attack.
You barely miss the thrashing horror.
The thrashing horror is almost destroyed.
You completely miss the blizzard demon. You hit the thrashing horror.
You feel like a meek peon again.
The thrashing horror closely misses you.
The thrashing horror tramples you but does no damage.
The thrashing horror tramples you!
You die...

. . ##. .
##. ...# #.
.# #...
..#..##.#.#
# ...#.
#..#..
#..##... #
#.RW#.# #.#
##.#2X#. #.
. ##X@# .
#. .#...# .
.#.#..# # #
# . #..###
..# ...##.#
. ._#... #
. .# . . #
x .### ###
# # . .


You could see a blizzard demon, a rakshasa, 2 thrashing horrors and a wraith.

Vanquished Creatures
  A bone dragon (Abyss:3)
  Kirke (Lair:4)
  A rakshasa (D:12)
  An ogre mage (D:13)
  Harold (D:13)
  A vault guard (D:13)
  7 hydras
  5 centaur warriors
  A caustic shrike simulacrum (Abyss:3)
  7 two-headed ogres
  13 death yaks (Lair:5)
  3 boulder beetles
  A vampire mage (Abyss:3)
  A catoblepas (Lair:5)
  A deep troll shaman (Lair:5)
  A tengu warrior (D:12)
  3 thrashing horrors (Abyss:3)
  3 skeletal warriors (D:12)
  An orb spider (Lair:2)
  3 orc knights
  Pikel (D:6)
  2 wizards (D:13)
  A lindwurm (Lair:5)
  7 deep elf pyromancers
  2 deep elf zephyrmancers (D:13)
  7 manticores
  5 ugly things
  4 cyclopes
  4 black mambas
  17 elephants
  A smoke demon (Abyss:3)
  2 gargoyles
  11 cane toads
  Maggie (D:10)
  3 kobold demonologists
  An unseen horror (D:12)
  2 rime drakes (Lair:3)
  8 komodo dragons
  A yaktaur (D:12)
  A komodo dragon (shapeshifter) (D:13)
  4 trolls
  4 polar bears
  A tarantella (shapeshifter) (D:12)
  5 large abominations (Abyss:3)
  A hydra skeleton (Abyss:3)
  5 blink frogs (Lair:1)
  5 dream sheep (Lair:5)
  A jumping spider (shapeshifter) (D:10)
  8 slime creatures
  52 yaks
  4 wraiths
  A centaur simulacrum (D:13)
  3 hogs (Lair:4)
  6 wyverns
  9 basilisks
  A vampire (D:12)
  A neqoxec (Abyss:3)
  Eustachio (D:5)
  2 steam dragons
  2 humans (Lair:4)
  A redback (shapeshifter) (D:13)
  7 vampire mosquitoes
  A warg (D:9)
  3 acid dragons
  2 sky beasts (D:7)
  23 water moccasins
  5 orc warriors
  2 black bears
  5 ogres
  A boggart (D:13)
  16 wolves
  6 centaurs
  2 lemures (D:6)
  Blork the orc (D:6)
  A phantom (D:5)
  11 bullfrogs
  2 gnoll sergeants
  A scorpion (D:5)
  20 wights
  5 jellies
  6 killer bees (D:10)
  5 howler monkeys
  4 hounds
  5 orc priests
  A gnoll bouda (D:8)
  4 iguanas
  A sleepcap (D:5)
  6 orc wizards
  4 adders
  15 gnolls
  A shadow imp (D:7)
  An ufetubus (D:5)
  A worm (D:2)
  2 dart slugs (D:2)
  19 orcs
  21 endoplasms
  18 giant cockroaches
  7 goblins
  5 hobgoblins
  7 kobolds
  16 quokkas
  16 ball pythons
  6 bats
  12 frilled lizards
  6 rats
557 creatures vanquished.

Vanquished Creatures (others)
  A naga mage (D:13)
  A lurking horror (Abyss:3)
2 creatures vanquished.

Grand Total: 559 creatures vanquished

Notes
Turn   | Place    | Note
-------+----------+-------------------------------------------
     0 | D:1      | qw the Gargoyle Fighter began the quest for the Orb.
     0 | D:1      | Reached XP level 1. HP: 14/14 MP: 1/1
     0 | D:1      | 0 ||| qw: Version: 0.3-a-40-ge99b1a8
     0 | D:1      | 0 ||| qw: Game counter: 598
     0 | D:1      | 0 ||| qw: Melee chars always use a shield: true
     0 | D:1      | 0 ||| qw: God list: Okawaru
     0 | D:1      | 0 ||| qw: Allow faded altars: false
     0 | D:1      | 0 ||| qw: Do Orc after clearing Dungeon:15 true
     0 | D:1      | 0 ||| qw: Do second Lair branch before Depths: true
     0 | D:1      | 0 ||| qw: Lair rune preference: random
     0 | D:1      | 0 ||| qw: Goals: Normal, Zot:1-4, Slime:5, God:TSO, Crypt,
                  | Tomb, Abyss, Pan, Hells, Win
     0 | D:1      | 0 ||| PLANNING D:1-11
    40 | D:1      | Reached skill level 2 in Axes
    42 | D:1      | 42 ||| DROPPING +0 club.
   131 | D:1      | Reached XP level 2. HP: 19/19 MP: 2/2
   552 | D:1      | Reached skill level 3 in Axes
   653 | D:1      | Reached XP level 3. HP: 19/23 MP: 3/3
   895 | D:1      | 895 ||| UPGRADING to +0 chain mail.
   905 | D:1      | 905 ||| DROPPING +0 scale mail.
   906 | D:1      | 906 ||| READING scroll labelled TEHYNA SEMUSS.
   921 | D:1      | 921 ||| READING scroll labelled VENIRI ULUOC.
   922 | D:1      | 922 ||| READING scroll labelled LIOHYK ANAYX.
   923 | D:1      | 923 ||| DRINKING 2 bubbling purple potions.
   924 | D:1      | 924 ||| DROPPING potion of degeneration.
  1038 | D:2      | 1038 ||| Stepping ~*~*~tactically~*~*~ (hiding).
  1039 | D:2      | 1039 ||| Stepping ~*~*~tactically~*~*~ (hiding).
  1592 | D:2      | Reached XP level 4. HP: 28/28 MP: 4/4
  1678 | D:2      | 1678 ||| Stepping ~*~*~tactically~*~*~ (hiding).
  1956 | D:2      | 1956 ||| UPGRADING to +0 pair of gloves.
  1961 | D:2      | 1961 ||| READING scroll labelled MUIPUI TOZORELL.
  1962 | D:2      | 1962 ||| READING scroll labelled HIZIOM WAKHU.
  2017 | D:3      | 2017 ||| Stepping ~*~*~tactically~*~*~ (stealth).
  2049 | D:3      | Found Qenuku's Weapon Shop.
  2054 | D:3      | 2054 ||| BUYING +0 mace (42 gold).
  2054 | D:3      | Bought a +0 mace for 42 gold pieces
  2054 | D:3      | 2054 ||| SHOPLISTING +7 whip "qw's Peril" {pain, Str+4
                  | Int+2} (851 gold, have 75).
  2054 | D:3      | 2054 ||| DROPPING +0 whip.
  2073 | D:3      | Reached skill level 4 in Axes
  2465 | D:3      | Found a broken altar of Ashenzari.
  2508 | D:3      | 2508 ||| DROPPING scarf of harm.
  2509 | D:3      | 2509 ||| READING scroll labelled ZUOQIG YQUAKHO.
  2550 | D:4      | 2550 ||| PLANNING SEWER
  2585 | D:4      | 2585 ||| Stepping ~*~*~tactically~*~*~ (hiding).
  2587 | D:4      | 2587 ||| Stepping ~*~*~tactically~*~*~ (hiding).
  2815 | D:4      | Noticed an ogre
  2819 | D:4      | Killed an ogre
  2820 | D:4      | Reached skill level 5 in Axes
  2820 | D:4      | Reached XP level 5. HP: 32/32 MP: 5/5
  2934 | D:4      | 2934 ||| Stepping ~*~*~tactically~*~*~ (water).
  2944 | D:4      | Found a glowing drain.
  2957 | D:4      | 2957 ||| UPGRADING to +1 pair of boots.
  2962 | D:4      | 2962 ||| UPGRADING to +4 ring of protection.
  2963 | D:4      | 2963 ||| READING 4 scrolls of identify.
  2963 | D:4      | 2963 ||| IDENTIFYING clear potion
  2964 | D:4      | 2964 ||| READING 3 scrolls of identify.
  2964 | D:4      | 2964 ||| IDENTIFYING yellow potion
  2965 | D:4      | 2965 ||| READING 2 scrolls of identify.
  2965 | D:4      | 2965 ||| IDENTIFYING metallic yellow potion
  2966 | D:4      | 2966 ||| DROPPING potion of berserk rage.
  2973 | Sewer    | Entered a sewer
  3032 | Sewer    | Reached XP level 6. HP: 38/38 MP: 6/6
  3060 | Sewer    | 3060 ||| Stepping ~*~*~tactically~*~*~ (water).
  3083 | Sewer    | 3083 ||| Stepping ~*~*~tactically~*~*~ (water).
  3087 | Sewer    | 3087 ||| Stepping ~*~*~tactically~*~*~ (water).
  3101 | Sewer    | 3101 ||| Stepping ~*~*~tactically~*~*~ (water).
  3270 | Sewer    | 3270 ||| Stepping ~*~*~tactically~*~*~ (water).
  3296 | Sewer    | 3296 ||| Stepping ~*~*~tactically~*~*~ (water).
  3327 | Sewer    | Reached skill level 6 in Axes
  3339 | Sewer    | 3339 ||| READING scroll labelled KERES PONNEXOG.
  3340 | Sewer    | 3340 ||| READING scroll labelled IMYSUS DE CARCH.
  3341 | Sewer    | 3341 ||| READING scroll labelled CUQEVO NORCHUIKH.
  3456 | D:4      | 3456 ||| PLANNING D:1-11
  3629 | D:4      | 3629 ||| UPGRADING to +0 cloak.
  3634 | D:4      | 3634 ||| UPGRADING to +6 ring of strength.
  3635 | D:4      | 3635 ||| READING scroll labelled NACKOMOKLE.
  3660 | D:5      | Entered Level 5 of the Dungeon
  3679 | D:5      | Reached skill level 1 in Dodging
  3679 | D:5      | Found Tefiot's Jewellery Boutique.
  3688 | D:5      | Found a glowing golden altar of the Shining One.
  3691 | D:5      | 3691 ||| SHOPLISTING +6 ring of strength (432 gold, have
                  | 142).
  3691 | D:5      | 3691 ||| SHOPLISTING amulet of Duhoc {RegenMP rPois rC-
                  | rN+} (460 gold, have 142).
  3691 | D:5      | 3691 ||| SHOPLISTING amulet of faith (480 gold, have 142).
  3691 | D:5      | 3691 ||| SHOPLISTING ring of Xom's Fair Game {rF+ rCorr
                  | EV+5} (667 gold, have 142).
  3691 | D:5      | 3691 ||| SHOPLISTING ring of Xom's Full Attention {rPois
                  | rC+ MP+9 Int+3} (710 gold, have 142).
  3691 | D:5      | 3691 ||| SHOPLISTING ring of protection from fire (300
                  | gold, have 142).
  3706 | D:5      | Reached XP level 7. HP: 28/43 MP: 7/7
  3783 | D:5      | Reached skill level 7 in Axes
  3786 | D:5      | Found an ancient bone altar of Kikubaaqudgha.
  3807 | D:5      | Found a sacrificial altar of Ru.
  3826 | D:5      | 3826 ||| Stepping ~*~*~tactically~*~*~ (hiding).
  3831 | D:5      | 3831 ||| Stepping ~*~*~tactically~*~*~ (hiding).
  3833 | D:5      | 3833 ||| Stepping ~*~*~tactically~*~*~ (hiding).
  3968 | D:5      | Found a shimmering altar of Xom.
  3981 | D:5      | 3981 ||| DRINKING 2 lumpy inky potions.
  3993 | D:5      | Found Xuall's Distillery.
  4020 | D:5      | 4020 ||| BUYING potion of cancellation (80 gold).
  4020 | D:5      | Bought a potion of cancellation for 80 gold pieces
  4020 | D:5      | 4020 ||| BUYING potion of curing (30 gold).
  4020 | D:5      | Bought a potion of curing for 30 gold pieces
  4020 | D:5      | 4020 ||| BUYING potion of curing (30 gold).
  4020 | D:5      | Bought a potion of curing for 30 gold pieces
  4020 | D:5      | 4020 ||| BUYING potion of haste (100 gold).
  4020 | D:5      | Bought a potion of haste for 100 gold pieces
  4020 | D:5      | 4020 ||| SHOPLISTING potion of haste (100 gold, have 5).
  4020 | D:5      | 4020 ||| SHOPLISTING potion of heal wounds (50 gold, have
                  | 5).
  4020 | D:5      | 4020 ||| SHOPLISTING potion of might (40 gold, have 5).
  4020 | D:5      | 4020 ||| SHOPLISTING potion of resistance (100 gold, have
                  | 5).
  4065 | D:5      | Reached XP level 8. HP: 49/49 MP: 8/8
  4093 | D:5      | Found Kaghod's Distillery.
  4097 | D:5      | 4097 ||| SHOPLISTING potion of attraction (39 gold, have
                  | 15).
  4097 | D:5      | 4097 ||| SHOPLISTING potion of curing (39 gold, have 15).
  4097 | D:5      | 4097 ||| SHOPLISTING potion of experience (650 gold, have
                  | 15).
  4097 | D:5      | 4097 ||| SHOPLISTING potion of lignification (39 gold, have
                  | 15).
  4249 | D:5      | Noticed Eustachio
  4265 | D:5      | Killed Eustachio
  4394 | D:5      | Found a faded altar of an unknown god.
  4394 | D:5      | Found a glowing silver altar of Zin.
  4401 | D:5      | Found a radiant altar of Vehumet.
  4403 | D:5      | Found a bloodstained altar of Trog.
  4405 | D:5      | Found a faded altar of an unknown god.
  4545 | D:5      | Found Odozeat's Assorted Antiques.
  4549 | D:5      | 4549 ||| BUYING fuming emerald potion (23 gold).
  4549 | D:5      | Bought a fuming emerald potion for 23 gold pieces
  4549 | D:5      | 4549 ||| SHOPLISTING helmet (117 gold, have 22).
  4549 | D:5      | 4549 ||| SHOPLISTING scroll labelled YSIEGE BEELUO (26
                  | gold, have 22).
  4549 | D:5      | 4549 ||| SHOPLISTING sedimented yellow potion (23 gold,
                  | have 22).
  4549 | D:5      | 4549 ||| SHOPLISTING smoky red potion (23 gold, have 22).
  4573 | D:5      | 4573 ||| DROPPING +0 mace.
  4603 | D:5      | 4603 ||| READING scroll labelled TUUGONI HASTRIO.
  4604 | D:5      | 4604 ||| DRINKING 2 fuming emerald potions.
  4752 | D:6      | Reached skill level 8 in Axes
  4757 | D:6      | Found a staircase to the Ecumenical Temple.
  4758 | D:6      | 4758 ||| PLANNING TEMPLE
  4758 | D:6      | 4758 ||| READING 2 scrolls of identify.
  4758 | D:6      | 4758 ||| IDENTIFYING murky grey potion
  4767 | Temple   | Entered the Ecumenical Temple
  4830 | Temple   | 4830 ||| PLANNING OKAWARU WORSHIP
  4926 | Temple   | Became a worshipper of Warmaster Okawaru
  4927 | Temple   | 4927 ||| PLANNING D:1-11
  5141 | D:6      | Noticed Blork the orc
  5143 | D:6      | 5143 ||| Stepping ~*~*~tactically~*~*~ (hiding).
  5144 | D:6      | 5144 ||| Stepping ~*~*~tactically~*~*~ (hiding).
  5145 | D:6      | 5145 ||| Stepping ~*~*~tactically~*~*~ (hiding).
  5150 | D:6      | Killed Blork the orc
  5304 | D:6      | Noticed Pikel
  5304 | D:6      | 5304 ||| Stepping ~*~*~tactically~*~*~ (stealth).
  5315 | D:6      | Killed Pikel
  5315 | D:6      | Reached * piety under Okawaru
  5316 | D:6      | Reached XP level 9. HP: 29/59 MP: 9/9
  5662 | D:6      | Reached skill level 1 in Invocations
  5843 | D:6      | 5843 ||| READING scroll labelled SIUNIMP IHIOMP.
  5843 | D:6      | Identified a scroll of acquirement
  5843 | D:6      | 5843 ||| ACQUIRING +0 pair of gloves of Courage {Str+2}
  5843 | D:6      | Acquired the +0 pair of gloves of Courage {Str+2}
  5845 | D:6      | 5845 ||| UPGRADING to +0 pair of gloves of Courage {Str+2}.
  5855 | D:6      | 5855 ||| DROPPING +0 pair of gloves.
  5856 | D:6      | 5856 ||| READING 2 scrolls of identify.
  5856 | D:6      | 5856 ||| IDENTIFYING fizzy blue potion
  5879 | D:7      | 5879 ||| INVOKING Heroism.
  5906 | D:7      | 5906 ||| INVOKING Heroism.
  5947 | D:7      | Reached skill level 3 in Invocations
  5988 | D:7      | 5988 ||| INVOKING Heroism.
  6112 | D:7      | You fall into a shaft and drop 3 floors!
  6112 | D:10     | Entered Level 10 of the Dungeon
  6241 | D:8      | 6241 ||| Stepping ~*~*~tactically~*~*~ (stealth).
  6242 | D:8      | 6242 ||| FLEEEEING.
  6243 | D:8      | 6243 ||| Stepping ~*~*~tactically~*~*~ (hiding).
  6244 | D:8      | 6244 ||| Stepping ~*~*~tactically~*~*~ (hiding).
  6246 | D:8      | 6246 ||| INVOKING Heroism.
  6260 | D:8      | Reached skill level 9 in Axes
  6266 | D:8      | 6266 ||| UPGRADING to +0 kite shield.
  6276 | D:8      | 6276 ||| DROPPING +0 buckler.
  6427 | D:7      | 6427 ||| INVOKING Heroism.
  6720 | D:7      | 6720 ||| READING 2 scrolls labelled GEONGEAZUO.
  6721 | D:7      | 6721 ||| READING 2 scrolls labelled USCHOB IVEXOG.
  6722 | D:7      | 6722 ||| READING 2 scrolls of identify.
  6722 | D:7      | 6722 ||| IDENTIFYING bubbling golden potion
  6723 | D:7      | 6723 ||| DROPPING scroll of butterflies.
  6724 | D:7      | 6724 ||| DROPPING potion of invisibility.
  6725 | D:7      | 6725 ||| DROPPING scroll of poison.
  6751 | D:8      | 6751 ||| INVOKING Heroism.
  6757 | D:8      | 6757 ||| FLEEEEING.
  6761 | D:8      | 6761 ||| STAIRDANCE
  6883 | D:8      | 6883 ||| STAIRDANCE
  6920 | D:8      | 6920 ||| INVOKING Heroism.
  6946 | D:8      | 6946 ||| INVOKING Heroism.
  6953 | D:8      | Reached skill level 6 in Shields
  6959 | D:8      | Reached XP level 10. HP: 31/64 MP: 13/13
  6964 | D:8      | HP: 16/64 [centaur/arrow (5)]
  6965 | D:8      | 6965 ||| READING 3 scrolls of teleportation.
  6966 | D:8      | 6966 ||| DRINKING potion of heal wounds.
  6967 | D:8      | 6967 ||| INVOKING Heroism.
  7112 | D:8      | 7112 ||| Stepping ~*~*~tactically~*~*~ (stealth).
  7114 | D:8      | 7114 ||| Stepping ~*~*~tactically~*~*~ (stealth).
  7125 | D:8      | 7125 ||| INVOKING Heroism.
  7130 | D:8      | Reached ** piety under Okawaru
  7339 | D:8      | 7339 ||| Stepping ~*~*~tactically~*~*~ (stealth).
  7349 | D:8      | 7349 ||| Stepping ~*~*~tactically~*~*~ (stealth).
  7357 | D:8      | 7357 ||| Stepping ~*~*~tactically~*~*~ (stealth).
  7440 | D:8      | Reached skill level 9 in Shields
  7490 | D:8      | Found Husis's Jewellery Shoppe.
  7498 | D:8      | 7498 ||| SHOPLISTING ring of Doors {rF+ AC+4 Int+3} (788
                  | gold, have 244).
  7498 | D:8      | 7498 ||| SHOPLISTING ring of Eruutioh {Fire Str+3 Int+4
                  | Slay+3} (830 gold, have 244).
  7498 | D:8      | 7498 ||| SHOPLISTING ring of ice (350 gold, have 244).
  7498 | D:8      | 7498 ||| SHOPLISTING ring of protection from fire (350
                  | gold, have 244).
  7574 | D:8      | 7574 ||| DRINKING 2 sedimented yellow potions.
  7575 | D:8      | 7575 ||| READING 2 scrolls of identify.
  7575 | D:8      | 7575 ||| IDENTIFYING puce potion
  7576 | D:8      | 7576 ||| DROPPING potion of brilliance.
  7636 | D:9      | 7636 ||| Stepping ~*~*~tactically~*~*~ (stealth).
  7693 | D:9      | 7693 ||| Stepping ~*~*~tactically~*~*~ (hiding).
  7740 | D:9      | 7740 ||| Stepping ~*~*~tactically~*~*~ (stealth).
  7745 | D:9      | Found Woulom's Armour Boutique.
  7801 | D:9      | 7801 ||| Stepping ~*~*~tactically~*~*~ (stealth).
  7802 | D:9      | 7802 ||| Stepping ~*~*~tactically~*~*~ (stealth).
  7803 | D:9      | Found a staircase to the Orcish Mines.
  7814 | D:9      | 7814 ||| Stepping ~*~*~tactically~*~*~ (hiding).
  7815 | D:9      | 7815 ||| Stepping ~*~*~tactically~*~*~ (hiding).
  7816 | D:9      | 7816 ||| Stepping ~*~*~tactically~*~*~ (hiding).
  7817 | D:9      | 7817 ||| INVOKING Heroism.
  7824 | D:9      | Reached skill level 10 in Axes
  7837 | D:9      | 7837 ||| SHOPLISTING +3 pair of mountain boots {steadfast,
                  | rC+} (469 gold, have 264).
  7837 | D:9      | 7837 ||| SHOPLISTING +3 plate armour of cold resistance
                  | (630 gold, have 264).
  8049 | D:9      | 8049 ||| Stepping ~*~*~tactically~*~*~ (stealth).
  8065 | D:9      | Reached skill level 6 in Armour
  8066 | D:9      | Reached *** piety under Okawaru
  8074 | D:9      | 8074 ||| INVOKING Heroism.
  8078 | D:9      | Reached XP level 11. HP: 47/68 MP: 11/14
  8167 | D:9      | Found Liar Doa's Weapon Emporium.
  8228 | D:9      | 8228 ||| BUYING +0 war axe of flaming (132 gold).
  8228 | D:9      | Bought a +0 war axe of flaming for 132 gold pieces
  8228 | D:9      | 8228 ||| SWAPPING to +0 war axe of flaming.
  8229 | D:9      | 8229 ||| DROPPING +0 morningstar.
  8284 | D:9      | 8284 ||| Stepping ~*~*~tactically~*~*~ (stealth).
  8356 | D:9      | Found Riwy's Book Boutique.
  8380 | D:9      | 8380 ||| Stepping ~*~*~tactically~*~*~ (stealth).
  8382 | D:9      | 8382 ||| Stepping ~*~*~tactically~*~*~ (hiding).
  8385 | D:9      | 8385 ||| Stepping ~*~*~tactically~*~*~ (hiding).
  8405 | D:9      | 8405 ||| Stepping ~*~*~tactically~*~*~ (stealth).
  8407 | D:9      | 8407 ||| INVOKING Heroism.
  8414 | D:9      | 8414 ||| Stepping ~*~*~tactically~*~*~ (stealth).
  8432 | D:9      | Found Epriutui's Antique Armour Emporium.
  8440 | D:9      | 8440 ||| SHOPLISTING pair of polished boots (266 gold, have
                  | 191).
  8440 | D:9      | 8440 ||| SHOPLISTING scorched helmet (266 gold, have 191).
  8440 | D:9      | 8440 ||| SHOPLISTING shiny plate armour (728 gold, have
                  | 191).
  8440 | D:9      | 8440 ||| UPGRADING to +0 plate armour.
  8450 | D:9      | 8450 ||| DROPPING +0 chain mail.
  8533 | D:10     | Noticed Maggie
  8534 | D:10     | Noticed a sixfirhy
  8534 | D:10     | 8534 ||| Stepping ~*~*~tactically~*~*~ (stealth).
  8535 | D:10     | 8535 ||| Stepping ~*~*~tactically~*~*~ (stealth).
  8537 | D:10     | Noticed a two-headed ogre
  8538 | D:10     | 8538 ||| INVOKING Heroism.
  8552 | D:10     | Reached skill level 1 in Throwing
  8553 | D:10     | Killed a two-headed ogre
  8560 | D:10     | Killed Maggie
  8645 | D:10     | Noticed Harold
  8646 | D:10     | 8646 ||| Stepping ~*~*~tactically~*~*~ (hiding).
  8647 | D:10     | 8647 ||| Stepping ~*~*~tactically~*~*~ (hiding).
  8774 | D:10     | Noticed a two-headed ogre
  8775 | D:10     | 8775 ||| INVOKING Heroism.
  8781 | D:10     | Killed a two-headed ogre
  8997 | D:10     | 8997 ||| INVOKING Heroism.
  9003 | D:10     | Reached skill level 11 in Axes
  9109 | D:10     | Noticed a two-headed ogre
  9110 | D:10     | 9110 ||| INVOKING Heroism.
  9116 | D:10     | Killed a two-headed ogre
  9126 | D:10     | Reached **** piety under Okawaru
  9159 | D:10     | Noticed a salamander
  9159 | D:10     | a salamander changed into a jumping spider
  9357 | D:10     | Found a shimmering blue altar of Sif Muna.
  9397 | D:10     | 9397 ||| INVOKING Heroism.
  9490 | D:11     | Noticed a cyclops
  9491 | D:11     | 9491 ||| Stepping ~*~*~tactically~*~*~ (hiding).
  9498 | D:11     | 9498 ||| INVOKING Heroism.
  9501 | D:11     | Killed a cyclops
  9575 | D:11     | Noticed a manticore
  9576 | D:11     | 9576 ||| INVOKING Heroism.
  9584 | D:11     | Killed a manticore
  9827 | D:11     | Noticed a cyclops
  9828 | D:11     | 9828 ||| Stepping ~*~*~tactically~*~*~ (hiding).
  9834 | D:11     | 9834 ||| INVOKING Heroism.
  9840 | D:11     | Killed a cyclops
  9841 | D:11     | Reached skill level 6 in Invocations
 10113 | D:11     | 10113 ||| READING scroll of acquirement.
 10113 | D:11     | 10113 ||| ACQUIRING amulet "Vitopt" {Faith rPois rF+ Str-2}
 10113 | D:11     | Acquired the amulet "Vitopt" {Faith rPois rF+ Str-2}
 10115 | D:11     | 10115 ||| UPGRADING to amulet "Vitopt" {Faith rPois rF+
                  | Str-2}.
 10120 | D:11     | Noticed a manticore
 10121 | D:11     | 10121 ||| INVOKING Heroism.
 10131 | D:11     | Killed a manticore
 10205 | D:11     | Reached XP level 12. HP: 75/75 MP: 16/16
 10209 | D:11     | 10209 ||| INVOKING Heroism.
 10317 | D:11     | Found a staircase to the Lair.
 10335 | D:11     | 10335 ||| INVOKING Heroism.
 10344 | D:11     | Reached skill level 9 in Fighting
 10395 | D:11     | 10395 ||| PLANNING LAIR
 10395 | D:11     | 10395 ||| UPGRADING to +5 ring of evasion.
 10397 | D:11     | 10397 ||| DROPPING +4 ring of protection.
 10402 | Lair:1   | Entered Level 1 of the Lair of Beasts
 10413 | Lair:1   | 10413 ||| STAIRDANCE
 10523 | Lair:1   | 10523 ||| Stepping ~*~*~tactically~*~*~ (hiding).
 10539 | Lair:1   | 10539 ||| INVOKING Heroism.
 10568 | Lair:1   | 10568 ||| Stepping ~*~*~tactically~*~*~ (stealth).
 10588 | Lair:1   | 10588 ||| Stepping ~*~*~tactically~*~*~ (stealth).
 10624 | Lair:1   | 10624 ||| Stepping ~*~*~tactically~*~*~ (stealth).
 10626 | Lair:1   | 10626 ||| Stepping ~*~*~tactically~*~*~ (stealth).
 10627 | Lair:1   | 10627 ||| INVOKING Heroism.
 10752 | Lair:1   | Identified the +2 dagger of the Big Bang {heavy, rCorr
                  | Str+3}
 10845 | Lair:1   | 10845 ||| INVOKING Heroism.
 10963 | Lair:1   | 10963 ||| Stepping ~*~*~tactically~*~*~ (stealth).
 10981 | Lair:1   | Reached ***** piety under Okawaru
 11277 | Lair:1   | 11277 ||| DRINKING 4 sedimented red potions.
 11278 | Lair:1   | 11278 ||| DRINKING 7 potions of curing.
 11278 | Lair:1   | 11278 ||| (to cure confusion)
 11279 | Lair:1   | 11279 ||| READING 4 scrolls of identify.
 11279 | Lair:1   | 11279 ||| IDENTIFYING smoky red potion
 11280 | Lair:1   | 11280 ||| DROPPING 3 potions of ambrosia.
 11323 | Lair:2   | 11323 ||| INVOKING Heroism.
 11499 | Lair:2   | Reached skill level 12 in Axes
 11499 | Lair:2   | Reached skill level 9 in Invocations
 11536 | Lair:2   | 11536 ||| INVOKING Heroism.
 11669 | Lair:2   | 11669 ||| INVOKING Heroism.
 11980 | Lair:2   | Found a hole to the Spider Nest.
 12000 | Lair:2   | 12000 ||| INVOKING Heroism.
 12241 | Lair:3   | Found a staircase to the Shoals.
 12341 | Lair:3   | 12341 ||| INVOKING Heroism.
 12345 | Lair:3   | Reached skill level 9 in Armour
 12427 | Lair:3   | Noticed a six-headed hydra
 12428 | Lair:3   | 12428 ||| Stepping ~*~*~tactically~*~*~ (hiding).
 12429 | Lair:3   | 12429 ||| INVOKING Heroism.
 12443 | Lair:3   | Killed a two-headed hydra
 12444 | Lair:3   | Reached XP level 13. HP: 76/80 MP: 18/20
 12464 | Lair:3   | Identified the +3 rapier of Propriety {heavy, Int+6 Dex-4}
 12474 | Lair:3   | 12474 ||| INVOKING Heroism.
 12517 | Lair:3   | 12517 ||| Stepping ~*~*~tactically~*~*~ (stealth).
 12544 | Lair:3   | Received a gift from Okawaru
 12932 | Lair:3   | 12932 ||| INVOKING Heroism.
 13342 | Lair:4   | 13342 ||| STAIRDANCE
 13457 | Lair:4   | Noticed Kirke
 13458 | Lair:4   | 13458 ||| INVOKING Heroism.
 13459 | Lair:4   | 13459 ||| INVOKING Finesse.
 13485 | Lair:4   | Killed Kirke
 13485 | Lair:4   | Received a gift from Okawaru
 13486 | Lair:4   | Reached skill level 13 in Axes
 13573 | Lair:4   | 13573 ||| INVOKING Heroism.
 13644 | Lair:4   | 13644 ||| INVOKING Heroism.
 13762 | Lair:4   | 13762 ||| INVOKING Heroism.
 13763 | Lair:4   | 13763 ||| INVOKING Finesse.
 13890 | Lair:4   | 13890 ||| INVOKING Heroism.
 13998 | Lair:4   | Found the +8 whip "Snakebite" {venom, curare, rPois}
 14165 | Lair:4   | 14165 ||| INVOKING Heroism.
 14237 | Lair:4   | Found a staircase to the Slime Pits.
 14238 | Lair:4   | Found a viscous altar of Jiyva.
 14748 | Lair:4   | 14748 ||| UPGRADING to +0 helmet.
 14753 | Lair:4   | 14753 ||| READING scroll labelled REVORY VUGI.
 14792 | Lair:5   | Entered Level 5 of the Lair of Beasts
 14860 | Lair:5   | 14860 ||| INVOKING Heroism.
 14862 | Lair:5   | 14862 ||| INVOKING Finesse.
 14911 | Lair:5   | Reached skill level 14 in Axes
 14946 | Lair:5   | 14946 ||| Stepping ~*~*~tactically~*~*~ (stealth).
 14973 | Lair:5   | Gained mutation: Your large and strong wings let you fly.
                  | [Gargoyle growth]
 14973 | Lair:5   | Reached XP level 14. HP: 88/88 MP: 21/21
 14992 | Lair:5   | Identified the +0 pair of gloves of Okawaru, Hammering {rC+
                  | rN++ Will+ Slay-5} (Okawaru gifted it to you on level 5 of
                  | the Lair of Beasts)
 14992 | Lair:5   | Received a gift from Okawaru
 15009 | Lair:5   | 15009 ||| INVOKING Heroism.
 15061 | Lair:5   | 15061 ||| INVOKING Heroism.
 15190 | Lair:5   | 15190 ||| Stepping ~*~*~tactically~*~*~ (hiding).
 15206 | Lair:5   | 15206 ||| INVOKING Heroism.
 15207 | Lair:5   | 15207 ||| INVOKING Finesse.
 15296 | Lair:5   | 15296 ||| READING scroll of enchant weapon.
 15296 | Lair:5   | 15296 ||| ENCHANTING +0 war axe of flaming.
 15300 | Lair:5   | 15300 ||| INVOKING Heroism.
 15322 | Lair:5   | 15322 ||| Stepping ~*~*~tactically~*~*~ (stealth).
 15323 | Lair:5   | 15323 ||| Stepping ~*~*~tactically~*~*~ (stealth).
 15327 | Lair:5   | 15327 ||| INVOKING Heroism.
 15328 | Lair:5   | 15328 ||| INVOKING Finesse.
 15355 | Lair:5   | Reached skill level 12 in Shields
 15394 | Lair:5   | 15394 ||| Stepping ~*~*~tactically~*~*~ (stealth).
 15395 | Lair:5   | 15395 ||| Stepping ~*~*~tactically~*~*~ (stealth).
 15398 | Lair:5   | 15398 ||| Stepping ~*~*~tactically~*~*~ (stealth).
 15731 | Lair:5   | Identified the ring "Fexized" {rCorr MP-9 Str+2 Int+2}
 15907 | Lair:5   | 15907 ||| Stepping ~*~*~tactically~*~*~ (stealth).
 15944 | Lair:5   | 15944 ||| INVOKING Heroism.
 15945 | Lair:5   | 15945 ||| INVOKING Finesse.
 16021 | Lair:5   | 16021 ||| INVOKING Heroism.
 16022 | Lair:5   | 16022 ||| INVOKING Finesse.
 16030 | Lair:5   | Reached skill level 15 in Axes
 16049 | Lair:5   | 16049 ||| Stepping ~*~*~tactically~*~*~ (stealth).
 16067 | Lair:5   | 16067 ||| INVOKING Heroism.
 16321 | Lair:5   | Identified the ring "Kahil" {rC++ Str-3 Dex+6 Slay+3 SInv}
 16333 | Lair:5   | 16333 ||| PLANNING D
 16333 | Lair:5   | 16333 ||| UPGRADING to ring "Kahil" {rC++ Str-3 Dex+6
                  | Slay+3 SInv}.
 16335 | Lair:5   | 16335 ||| UPGRADING to +5 ring of evasion.
 16775 | D:12     | 16775 ||| DRINKING 7 potions of curing.
 16775 | D:12     | 16775 ||| (to cure confusion)
 16777 | D:12     | 16777 ||| INVOKING Heroism.
 16792 | D:12     | 16792 ||| DRINKING 6 potions of curing.
 16792 | D:12     | 16792 ||| (to cure confusion)
 16797 | D:12     | Reached skill level 3 in Dodging
 16811 | D:12     | Received a gift from Okawaru
 16936 | D:12     | 16936 ||| INVOKING Heroism.
 16940 | D:12     | 16940 ||| Stepping ~*~*~tactically~*~*~ (stealth).
 16941 | D:12     | 16941 ||| Stepping ~*~*~tactically~*~*~ (stealth).
 16954 | D:12     | 16954 ||| INVOKING Heroism.
 17074 | D:12     | Identified the +0 rapier of the Desert {spect, rN+ rCorr
                  | Int+3}
 17078 | D:12     | 17078 ||| Stepping ~*~*~tactically~*~*~ (hiding).
 17079 | D:12     | 17079 ||| Stepping ~*~*~tactically~*~*~ (hiding).
 17080 | D:12     | 17080 ||| Stepping ~*~*~tactically~*~*~ (hiding).
 17081 | D:12     | 17081 ||| Stepping ~*~*~tactically~*~*~ (hiding).
 17082 | D:12     | 17082 ||| Stepping ~*~*~tactically~*~*~ (hiding).
 17092 | D:12     | Reached skill level 12 in Armour
 17122 | D:12     | 17122 ||| Stepping ~*~*~tactically~*~*~ (hiding).
 17129 | D:12     | 17129 ||| INVOKING Heroism.
 17130 | D:12     | 17130 ||| INVOKING Finesse.
 17136 | D:12     | Reached XP level 15. HP: 88/95 MP: 14/22
 17175 | D:12     | Reached skill level 12 in Fighting
 17191 | D:12     | Identified the +8 morningstar of Impermanence {freeze, rF+
                  | rN+} (Okawaru gifted it to you on level 12 of the Dungeon)
 17191 | D:12     | Received a gift from Okawaru
 17208 | D:12     | 17208 ||| Stepping ~*~*~tactically~*~*~ (stealth).
 17209 | D:12     | 17209 ||| Stepping ~*~*~tactically~*~*~ (stealth).
 17268 | D:12     | 17268 ||| Stepping ~*~*~tactically~*~*~ (stealth).
 17302 | D:12     | 17302 ||| INVOKING Heroism.
 17355 | D:12     | 17355 ||| Stepping ~*~*~tactically~*~*~ (stealth).
 17356 | D:12     | 17356 ||| Stepping ~*~*~tactically~*~*~ (stealth).
 17519 | D:12     | 17519 ||| Stepping ~*~*~tactically~*~*~ (stealth).
 17527 | D:12     | 17527 ||| Stepping ~*~*~tactically~*~*~ (hiding).
 17716 | D:12     | 17716 ||| INVOKING Heroism.
 17974 | D:12     | 17974 ||| Stepping ~*~*~tactically~*~*~ (hiding).
 18210 | D:12     | 18210 ||| UPGRADING to +1 plate armour of poison
                  | resistance.
 18220 | D:12     | 18220 ||| DROPPING +0 plate armour.
 18221 | D:12     | 18221 ||| READING scroll labelled UTRASO RAVIOX ZUV.
 18409 | D:13     | Killed Harold
 18458 | D:13     | 18458 ||| FLEEEEING.
 18459 | D:13     | 18459 ||| FLEEEEING.
 18460 | D:13     | 18460 ||| FLEEEEING.
 18464 | D:13     | 18464 ||| FLEEEEING.
 18465 | D:13     | 18465 ||| FLEEEEING.
 18471 | D:13     | 18471 ||| FLEEEEING.
 18472 | D:13     | 18472 ||| FLEEEEING.
 18473 | D:13     | 18473 ||| FLEEEEING.
 18474 | D:13     | 18474 ||| FLEEEEING.
 18475 | D:13     | 18475 ||| FLEEEEING.
 18476 | D:13     | 18476 ||| FLEEEEING.
 18487 | D:13     | 18487 ||| FLEEEEING.
 18488 | D:13     | 18488 ||| FLEEEEING.
 18489 | D:13     | 18489 ||| FLEEEEING.
 18495 | D:13     | 18495 ||| INVOKING Heroism.
 18638 | D:13     | Found a gate to the Vaults.
 18713 | D:13     | 18713 ||| Stepping ~*~*~tactically~*~*~ (hiding).
 18726 | D:13     | Reached skill level 16 in Axes
 18732 | D:13     | 18732 ||| INVOKING Heroism.
 18745 | D:13     | 18745 ||| Stepping ~*~*~tactically~*~*~ (hiding).
 18746 | D:13     | 18746 ||| Stepping ~*~*~tactically~*~*~ (hiding).
 18766 | D:13     | 18766 ||| Stepping ~*~*~tactically~*~*~ (stealth).
 18812 | D:13     | 18812 ||| FLEEEEING.
 18813 | D:13     | 18813 ||| FLEEEEING.
 18832 | D:13     | 18832 ||| Stepping ~*~*~tactically~*~*~ (stealth).
 18840 | D:13     | 18840 ||| FLEEEEING.
 18847 | D:13     | 18847 ||| Stepping ~*~*~tactically~*~*~ (stealth).
 18849 | D:13     | 18849 ||| Stepping ~*~*~tactically~*~*~ (stealth).
 18850 | D:13     | 18850 ||| FLEEEEING.
 18860 | D:13     | 18860 ||| INVOKING Heroism.
 18964 | D:13     | 18964 ||| Stepping ~*~*~tactically~*~*~ (hiding).
 18965 | D:13     | 18965 ||| Stepping ~*~*~tactically~*~*~ (hiding).
 18966 | D:13     | 18966 ||| Stepping ~*~*~tactically~*~*~ (hiding).
 18976 | D:13     | 18976 ||| INVOKING Heroism.
 18981 | D:13     | 18981 ||| INVOKING Finesse.
 18989 | D:13     | HP: 24/96 [meliai/divine providence[a boggart] (17)]
 18990 | D:13     | 18990 ||| READING 7 scrolls of teleportation.
 18991 | D:13     | 18991 ||| DRINKING potion of heal wounds.
 19174 | D:13     | 19174 ||| Stepping ~*~*~tactically~*~*~ (hiding).
 19176 | D:13     | 19176 ||| Stepping ~*~*~tactically~*~*~ (hiding).
 19177 | D:13     | 19177 ||| Stepping ~*~*~tactically~*~*~ (hiding).
 19182 | D:13     | 19182 ||| INVOKING Heroism.
 19232 | D:13     | 19232 ||| Stepping ~*~*~tactically~*~*~ (hiding).
 19244 | D:13     | 19244 ||| Stepping ~*~*~tactically~*~*~ (hiding).
 19257 | D:13     | 19257 ||| INVOKING Heroism.
 19275 | D:13     | Identified the +7 dagger "Dragon's Tongue" {heavy, Dex+3}
                  | (Okawaru gifted it to you on level 13 of the Dungeon)
 19275 | D:13     | Received a gift from Okawaru
 19276 | D:13     | 19276 ||| Stepping ~*~*~tactically~*~*~ (hiding).
 19306 | D:13     | 19306 ||| Stepping ~*~*~tactically~*~*~ (stealth).
 19307 | D:13     | 19307 ||| Stepping ~*~*~tactically~*~*~ (stealth).
 19453 | D:13     | 19453 ||| Stepping ~*~*~tactically~*~*~ (stealth).
 19454 | D:13     | 19454 ||| Stepping ~*~*~tactically~*~*~ (stealth).
 19455 | D:13     | 19455 ||| Stepping ~*~*~tactically~*~*~ (stealth).
 19457 | D:13     | 19457 ||| INVOKING Heroism.
 19458 | D:13     | 19458 ||| Stepping ~*~*~tactically~*~*~ (hiding).
 19460 | D:13     | 19460 ||| Stepping ~*~*~tactically~*~*~ (hiding).
 19461 | D:13     | 19461 ||| Stepping ~*~*~tactically~*~*~ (hiding).
 19462 | D:13     | 19462 ||| Stepping ~*~*~tactically~*~*~ (hiding).
 19463 | D:13     | 19463 ||| INVOKING Finesse.
 19500 | D:13     | 19500 ||| READING scroll of enchant weapon.
 19500 | D:13     | 19500 ||| ENCHANTING +1 war axe of flaming.
 19501 | D:13     | 19501 ||| DROPPING +1 heavy war axe.
 19529 | D:13     | 19529 ||| INVOKING Heroism.
 19730 | D:13     | Identified the +8 arbalest of Zoung {speed, rF+ rCorr}
 19775 | D:13     | 19775 ||| Stepping ~*~*~tactically~*~*~ (hiding).
 19784 | D:13     | 19784 ||| Stepping ~*~*~tactically~*~*~ (hiding).
 19786 | D:13     | 19786 ||| Stepping ~*~*~tactically~*~*~ (hiding).
 19905 | D:13     | 19905 ||| Stepping ~*~*~tactically~*~*~ (hiding).
 19907 | D:13     | 19907 ||| Stepping ~*~*~tactically~*~*~ (hiding).
 19908 | D:13     | 19908 ||| Stepping ~*~*~tactically~*~*~ (hiding).
 19910 | D:13     | 19910 ||| Stepping ~*~*~tactically~*~*~ (hiding).
 20015 | D:13     | Found the +12 glaive of Prune {freeze, Prune}
 20271 | D:14     | Noticed Louise
 20272 | D:14     | 20272 ||| INVOKING Heroism.
 20273 | D:14     | 20273 ||| INVOKING Finesse.
 20287 | Abyss:3  | Found a corrupted altar of Lugonu.
 20287 | Abyss:3  | Cast into level 3 of the Abyss (Louise)
 20295 | Abyss:3  | 20295 ||| Stepping ~*~*~tactically~*~*~ (stealth).
 20304 | Abyss:3  | 20304 ||| Stepping ~*~*~tactically~*~*~ (stealth).
 20304 | Abyss:3  | Found a corrupted altar of Lugonu.
 20308 | Abyss:3  | 20308 ||| Stepping ~*~*~tactically~*~*~ (stealth).
 20320 | Abyss:3  | 20320 ||| Stepping ~*~*~tactically~*~*~ (stealth).
 20320 | Abyss:3  | Noticed a hellephant
 20321 | Abyss:3  | 20321 ||| DRINKING potion of resistance.
 20322 | Abyss:3  | 20322 ||| Stepping ~*~*~tactically~*~*~ (stealth).
 20329 | Abyss:3  | HP: 23/97 [hellephant (6)]
 20330 | Abyss:3  | 20330 ||| READING 6 scrolls of teleportation.
 20331 | Abyss:3  | 20331 ||| DRINKING potion of heal wounds.
 20333 | Abyss:3  | 20333 ||| INVOKING Heroism.
 20415 | Abyss:3  | Found a corrupted altar of Lugonu.
 20532 | Abyss:3  | Gained mutation: You are occasionally teleported next to
                  | monsters. [a neqoxec]
 20534 | Abyss:3  | Gained mutation: Your body sometimes deteriorates upon
                  | taking damage. [a neqoxec]
 20534 | Abyss:3  | Noticed a bone dragon
 20558 | Abyss:3  | 20558 ||| INVOKING Heroism.
 20565 | Abyss:3  | Killed a bone dragon
 20578 | Abyss:3  | 20578 ||| Stepping ~*~*~tactically~*~*~ (stealth).
 20579 | Abyss:3  | 20579 ||| Stepping ~*~*~tactically~*~*~ (stealth).
 20586 | Abyss:3  | 20586 ||| Stepping ~*~*~tactically~*~*~ (stealth).
 20596 | Abyss:3  | 20596 ||| INVOKING Heroism.
 20613 | Abyss:3  | 20613 ||| Stepping ~*~*~tactically~*~*~ (stealth).
 20614 | Abyss:3  | 20614 ||| Stepping ~*~*~tactically~*~*~ (stealth).
 20635 | Abyss:3  | 20635 ||| Stepping ~*~*~tactically~*~*~ (hiding).
 20648 | Abyss:3  | 20648 ||| INVOKING Heroism.
 20661 | Abyss:3  | 20661 ||| Stepping ~*~*~tactically~*~*~ (stealth).
 20709 | Abyss:3  | HP: 20/98 [thrashing horror (6)]
 20710 | Abyss:3  | 20710 ||| READING 5 scrolls of teleportation.
 20711 | Abyss:3  | HP: 4/98 [thrashing horror (10)]
 20713 | Abyss:3  | Mangled by a thrashing horror

Levels and vault maps discovered:
D:1:      moated_graveyard_arrival, layout_basic, serial_park_tiny_pond,
          dreamdust_princess_corridor
D:2:      layout_loops_corners
D:3:      layout_rooms, mainiacjoe_overflow_alcove_2, serial_shops,
          nicolae_shop_tiny_statue_garden
D:4:      layout_rooms, gup_sewer_entry_pipe
D:5:      layout_gridville, amcnicky_altar_gilded, grunt_temple_overflow_open,
          chequers_temple_overflow_minitemple, serial_shops, shop,
          nicolae_shop_advertising_works [nicolae_subvault_shop_adworks], shop,
          shop, uniq_eustachio
D:6:      layout_layer_cave, minmay_temple_entry_sparse_star,
          hangedman_decor_riveting, uniq_blork_the_orc, uniq_pikel
D:7:      layout_basic
D:8:      layout_rooms, serial_shops, shop
D:9:      layout_roguey, david_orc_3, serial_shops, shop, nicolae_stop_n_shop_1,
          shop, shop_fountains
D:10:     layout_loops_cross, lemuel_blue_sif_altar, uniq_harold, uniq_maggie
D:11:     layout_layer_cave, erik_lair_dragon
D:12:     minmay_the_grid_octo_tiled_squarecenter [minmay_the_grid_octo_focus,
          minmay_the_grid_octo_teeth, minmay_the_grid_octo_77,
          minmay_the_grid_octo_empty,
          minmay_the_grid_square_5x5_megaprize_crossed,
          minmay_the_grid_square_5x5_misaligned,
          minmay_the_grid_square_5x5_one_wall, minmay_the_grid_square_5x5_n,
          minmay_the_grid_square_5x5_dogpile], layout_cave_pods
D:13:     minmay_blocking_statues, layout_gridville, david_vaults_5,
          minmay_guarded_unrand_prune
D:14:     layout_big_octagon, reono_crystal_passage, uniq_louise
Temple:   hellmonk_temple_forest_ring
Lair:1:   layout_concentric_octagons, grunt_megastairs_3, lemuel_fruit_tree
Lair:2:   layout_hall_layers, nicolae_spider_entry_orb_guardian, minmay_holes
Lair:3:   layout_roguey, shoals_dummy_entry
Lair:4:   minmay_guarded_unrand_snakebite, layout_gridlike, slime_entry_1,
          uniq_kirke
Lair:5:   grunt_lair_end_beastmaster, layout_small_grid,
          chequers_serial_rivers_micro_c, chequers_serial_rivers_small_3,
          kennysheep_basilisk_garden, infiniplex_staircase_pool
Abyss:3:  base: Lair:3, base: D:3, minivault_19

Skill      XL: |  1  2  3  4  5  6  7  8  9 10 11 12 13 14 15 |
---------------+----------------------------------------------+-----
Axes           | 2 3 5 6 7 8 9 10 11 12 14 15 16 | 16.0
Fighting       | 4 5 8 9 10 11 13 | 13.0
Dodging        | 1 2 3 4 |  4.0
Armour         | 4 6 8 9 10 12 | 12.6
Invocations    | 4 6 10 | 10.0
Shields        | 6 9 10 11 12 13 | 13.0
Throwing       | 1 |  1.9

Action                     |  1- 3 |  4- 6 |  7- 9 | 10-12 | 13-15 || total
---------------------------+-------+-------+-------+-------+-------++-------
  Melee: War axe           |   103 |   188 |   182 |   517 |  1116 ||  2106
  Throw: Boomerang         |    16 |   114 |       |    10 |       ||   140
 Invoke: Heroism           |       |       |     8 |    25 |    36 ||    69
         Finesse           |       |       |       |       |    11 ||    11
    Use: Scroll            |     3 |    10 |     7 |     4 |     7 ||    31
         Potion            |     1 |       |     2 |     4 |     5 ||    12
   Stab: Distracted        |       |       |       |       |     1 ||     1
 Armour: Scale mail        |    24 |       |       |       |       ||    24
         Chain mail        |    22 |   166 |   131 |    70 |       ||   389
         Plate armour      |       |       |       |   202 |   439 ||   641
  Dodge: Dodged            |    37 |    99 |    80 |   178 |   409 ||   803
  Block: Buckler           |    22 |    43 |    28 |       |       ||    93
         Kite shield       |       |       |    12 |   288 |   559 ||   859

Table legend:
 A = Non-vault XP
 B = Vault XP
 C = Vault XP percentage of total XP
 D = Non-vault monster count
 E = Vault monster count
 F = Vault count percentage of total count
                 A         B        C        D         E       F
            +---------+---------+-------+---------+---------+-------
      Total |   81278 |   44617 |  35.4 |     391 |     162 |  29.3
            +---------+---------+-------+---------+---------+-------
        D:1 |      50 |       0 |   0.0 |      23 |       0 |   0.0
        D:2 |      40 |       0 |   0.0 |      20 |       0 |   0.0
        D:3 |      25 |       0 |   0.0 |      15 |       0 |   0.0
        D:4 |     229 |      10 |   4.2 |      14 |       5 |  26.3
        D:5 |     753 |     191 |  20.2 |      16 |       1 |   5.9
        D:6 |     559 |     741 |  57.0 |       8 |       2 |  20.0
        D:7 |     768 |       0 |   0.0 |      10 |       0 |   0.0
        D:8 |    3433 |       0 |   0.0 |      35 |       0 |   0.0
        D:9 |    2337 |     349 |  13.0 |      33 |       6 |  15.4
       D:10 |    5618 |     398 |   6.6 |      22 |       1 |   4.3
       D:11 |    2748 |    1139 |  29.3 |       6 |       5 |  45.5
       D:12 |    8892 |   11670 |  56.8 |      23 |      24 |  51.1
       D:13 |    6107 |   13560 |  68.9 |      22 |      27 |  55.1
     Lair:1 |    3385 |    1876 |  35.7 |      18 |       8 |  30.8
     Lair:2 |    2366 |     713 |  23.2 |       9 |       1 |  10.0
     Lair:3 |   10361 |       0 |   0.0 |      34 |       0 |   0.0
     Lair:4 |    6092 |    4176 |  40.7 |      24 |      12 |  33.3
     Lair:5 |   19216 |    9583 |  33.3 |      45 |      20 |  30.8
    Abyss:3 |    8299 |       0 |   0.0 |      14 |       0 |   0.0
      Sewer |       0 |     211 | 100.0 |       0 |      50 | 100.0
            +---------+---------+-------+---------+---------+-------
